 Dungeon Sprint DCSS version 0.31-a0-963-ga325b2283a (webtiles) character file.

Game seed: 8701834308141374618

3041 sircluck the Grappler (level 9, -4/105 HPs)
             Began as a Troll Berserker on Oct 24, 2023.
             Was the Champion of Trog.
             Slain by a shadow wraith (22 damage)
             ... in the Dungeon (Sprint VII: "The Pits").
             The game lasted 00:02:25 (713 turns).

sircluck the Grappler (Troll Berserker)              Turns: 713, Time: 00:02:26

Health: -4/105     AC:  6    Str: 31    XL:     9   Next: 56%
Magic:  8/8        EV: 13    Int:  3    God:    Trog [******]
Gold:   0          SH:  0    Dex:  9    Spells: 8/8 levels left

rFire   . .          .
                       - Unarmed
rCold   . . .        (no shield)
rNeg    . . .        a - +0 animal skin
rPois   .            (helmet restricted)
rElec   .            (no cloak)
rCorr   .            (gloves unavailable)
SInv    .            (boots unavailable)
Will    .....        (no amulet)
Stlth   +            l - +3 ring of protection
HPRegen 1.17/turn    o - +3 ring of protection
MPRegen 0.11/turn

%: no teleportation
@: corroded, slowed, very slow
A: large, unfitting armour, claws 3, regeneration 1, shaggy fur 1, tough skin 1
a: Renounce Religion, Berserk, Trog's Hand, Brothers in Arms


You were in the Dungeon.
You worshipped Trog.
Trog was exalted by your worship.
You visited 1 branch

Inventory:

Armour
 a - a +0 animal skin (worn)
Jewellery
 l - a +3 ring of protection (left claw)
 o - a +3 ring of protection (right claw)
Wands
 k - a wand of flame (26)
Scrolls
 g - a scroll of blinking
 i - 2 scrolls of vulnerability
 j - a scroll of butterflies
Potions
 b - 7 potions of curing
 c - 8 potions of heal wounds
 d - a potion of haste
 e - 4 potions of magic
 f - 4 potions of berserk rage
 h - 2 potions of invisibility
 m - a potion of mutation
 n - a potion of resistance


   Skills:
 + Level 11.3 Fighting
 + Level 11.2 Dodging
 + Level 13.2 Unarmed Combat


You had 8 spell levels left.
You didn't know any spells.
Your spell library was empty.

Dungeon Overview and Level Annotations

Branches:
Dungeon (1/1)

Altars:
Ashenzari
Cheibriados
Dithmenos
Elyvilon
Fedhas
Gozag
Hepliaklqana
Kikubaaqudgha
Makhleb
Nemelex Xobeh
Okawaru
Qazlal
Ru
Sif Muna
Trog
Uskayaw
Vehumet
Wu Jian
Xom
Yredelemnul
Zin
The Shining One
Jiyva
Lugonu


Innate Abilities, Weirdness & Mutations

You are too large for most types of armour.
You have claws for hands.
Your natural rate of healing is unusually fast.
You are covered in fur. (AC +1)
You have tough skin. (AC +1)


Message History

Things that are here:
a +0 arbalest; a yaktaur corpse The acid dragon misses you.
The acid dragon closely misses you.
You barely miss the acid dragon. Something hits you but does no damage.
The acid dragon bites you. The acid dragon completely misses you.
You scratch the acid dragon.
The acid dragon is lightly wounded.
The acid dragon closely misses you. x2; Something hits you!
Something drains your vigour!
You feel as though you will be slow longer.
You mangle the acid dragon!!
You kill the acid dragon!
Trog accepts your kill. Something hits you. Something drains your vigour!
You feel as though you will be slow longer.
No target in view!
No target in view!
No target in view!
No target in view!
No target in view!
No target in view!
No target in view!
No target in view!
No target in view!
You scratch something but do no damage. Something hits you!!
Something drains your vigour!
You feel as though you will be slow longer.
Something barely misses you.
You barely miss something. Something hits you.
* * * LOW HITPOINT WARNING * * *
Something drains your vigour!
You feel as though you will be slow longer.
You mangle something!! Your claw misses something. Something hits you.
* * * LOW HITPOINT WARNING * * *
You closely miss something. Something hits you!
* * * LOW HITPOINT WARNING * * *
Something drains your vigour!
You feel as though you will be slow longer.
You claw something! x2; Something hits you!!
You die...

#... #..# #..# #..#
####### #..#
..##..# #..#
..##..# #†.#
..''..# #@.#
..''..##########).#
..##..............#
..##..............#
###################


There were no monsters in sight!

Vanquished Creatures
  A boulder beetle (D)
  A manticore (D)
  An efreet (D)
  A yaktaur (D)
  Grinder (D)
  6 yaks (D)
  An acid dragon (D)
  An ice beast (D)
  2 sky beasts (D)
  A kobold brigand (D)
  A jelly (D)
  An orc wizard (D)
  A river rat (D)
  4 orcs (D)
  A ball python (D)
  2 giant cockroaches (D)
  A goblin (D)
  2 hobgoblins (D)
  2 jackals (D)
  2 quokkas (D)
  3 bats (D)
  A rat (D)
37 creatures vanquished.

Vanquished Creatures (others)
  An orc (D)
1 creature vanquished.

Grand Total: 38 creatures vanquished

Notes
Turn   | Place    | Note
-------+----------+-------------------------------------------
     0 | D        | sircluck the Troll Berserker began the quest for the Orb.
     0 | D        | Reached XP level 1. HP: 22/22 MP: 0/0
    25 | D        | Found a bloodstained altar of Trog.
    25 | D        | Found a shimmering blue altar of Sif Muna.
    25 | D        | Found a viscous altar of Jiyva.
    25 | D        | Found a hazy altar of Hepliaklqana.
    25 | D        | Found an opulent altar of Gozag.
    26 | D        | Found a glowing golden altar of the Shining One.
    26 | D        | Found a glowing silver altar of Zin.
    26 | D        | Found a basalt altar of Yredelemnul.
    26 | D        | Found a shimmering altar of Xom.
    26 | D        | Found an ornate altar of the Wu Jian Council.
    26 | D        | Found a sacrificial altar of Ru.
    26 | D        | Found a stormy altar of Qazlal.
    26 | D        | Found an iron altar of Okawaru.
    26 | D        | Found a sparkling altar of Nemelex Xobeh.
    26 | D        | Found a burning altar of Makhleb.
    26 | D        | Found a blossoming altar of Fedhas.
    26 | D        | Found a white marble altar of Elyvilon.
    26 | D        | Found a shadowy altar of Dithmenos.
    26 | D        | Found a snail-covered altar of Cheibriados.
    30 | D        | Found a corrupted altar of Lugonu.
    30 | D        | Found a radiant altar of Vehumet.
    31 | D        | Found a broken altar of Ashenzari.
    31 | D        | Found an ancient bone altar of Kikubaaqudgha.
    31 | D        | Found a hide-covered altar of Uskayaw.
    75 | D        | Reached ** piety under Trog
    92 | D        | Reached XP level 2. HP: 31/31 MP: 1/1
    93 | D        | Reached *** piety under Trog
    99 | D        | Reached skill level 4 in Unarmed Combat
   140 | D        | Noticed Grinder
   140 | D        | Noticed a sky beast
   157 | D        | Reached **** piety under Trog
   162 | D        | Killed a sky beast
   163 | D        | Reached skill level 5 in Unarmed Combat
   163 | D        | Reached XP level 3. HP: 41/41 MP: 2/2
   163 | D        | Reached XP level 4. HP: 49/49 MP: 3/3
   179 | D        | Reached skill level 5 in Fighting
   179 | D        | Reached skill level 5 in Dodging
   179 | D        | Reached skill level 6 in Unarmed Combat
   182 | D        | Killed Grinder
   182 | D        | Reached ***** piety under Trog
   183 | D        | Reached skill level 8 in Unarmed Combat
   183 | D        | Reached XP level 5. HP: 33/61 MP: 4/4
   183 | D        | Reached XP level 6. HP: 37/68 MP: 5/5
   248 | D        | Noticed an efreet
   254 | D        | Killed an efreet
   255 | D        | Reached skill level 9 in Unarmed Combat
   255 | D        | Reached XP level 7. HP: 36/80 MP: 6/6
   261 | D        | Received a gift from Trog
   278 | D        | Reached skill level 10 in Unarmed Combat
   344 | D        | Noticed a manticore
   366 | D        | Killed a manticore
   367 | D        | Reached XP level 8. HP: 22/92 MP: 7/7
   378 | D        | Received a gift from Trog
   379 | D        | Reached skill level 11 in Unarmed Combat
   471 | D        | Upgraded the game from 0.31-a0-960-g0fca184906 to
                  | 0.31-a0-963-ga325b2283a
   549 | D        | Noticed a boulder beetle
   594 | D        | Reached skill level 10 in Fighting
   597 | D        | Reached skill level 10 in Dodging
   603 | D        | Reached skill level 12 in Unarmed Combat
   603 | D        | Reached XP level 9. HP: 38/102 MP: 8/8
   665 | D        | Killed a boulder beetle
   665 | D        | Reached ****** piety under Trog
   665 | D        | Received a gift from Trog
   696 | D        | Noticed a yaktaur
   703 | D        | Killed a yaktaur
   704 | D        | Reached skill level 13 in Unarmed Combat
   713 | D        | Slain by a shadow wraith

Illustrated notes

Levels and vault maps discovered:
D:        pitsprint [storerooms_1, entrance_room_1, metal_vault_2, armoury_2,
          mini_pit_1, grid_room_1, main_hall_1, silver_pit, the_coven_3,
          the_vestibule_1, steel_vault_2, golden_pit, hallway_of_sentries,
          crystal_vault_5, iron_vault_3, final_vault]

Skill      XL: |  1  2  3  4  5  6  7  8  9 |
---------------+----------------------------+-----
Fighting       | 3 4 6 8 9 10 11 | 11.3
Dodging        | 3 4 6 7 9 10 11 | 11.2
Unarmed Combat | 5 8 9 10 12 13 | 13.2

Action                     |  1- 3 |  4- 6 |  7- 9 || total
---------------------------+-------+-------+-------++-------
  Melee: Unarmed           |    29 |    37 |    82 ||   148
         Punch             |       |       |     2 ||     2
    Use: Potion            |       |     1 |     1 ||     2
 Armour: Animal skin       |    17 |    21 |    85 ||   123
  Dodge: Dodged            |    12 |    24 |    72 ||   108

Table legend: (Time is in decaauts)
 A = Elapsed time spent in this place.
 B = Non-inter-level travel time spent in this place.
 C = Inter-level travel time spent in this place.
 D = Time resting spent in this place.
 E = Time spent auto-exploring this place.
 F = Levels seen in this place.
 G = Mean time per level.
                   A        B        C        D        E       F      G
               +--------+--------+--------+--------+--------+-----+--------+
         Total |    691 |    650 |     41 |     67 |    159 |   1 |  691.0 |
       Dungeon |    691 |    650 |     41 |     67 |    159 |   1 |  691.0 |
               +--------+--------+--------+--------+--------+-----+--------+

Top non-repeatable levels by time:
       D: 691 daAuts
